 Dungeon Crawl Stone Soup version 0.28-a0-691-gad6df49e81 (webtiles) character file.

Game seed: 5160424740818166300

1077 ytrimaz the Protected (level 8, -1/60 HPs)
             Began as a Formicid Fighter on Oct 22, 2021.
             Was an Initiate of Okawaru.
             Slain by a water moccasin (6 damage)
             ... in the Ecumenical Temple.
             The game lasted 00:07:33 (5453 turns).

ytrimaz the Protected (Formicid Fighter)            Turns: 5453, Time: 00:07:34

Health: -1/60      AC: 17    Str: 23    XL:     8   Next: 54%
Magic:  8/8        EV:  7    Int:  8    God:    Okawaru [......]
Gold:   171        SH:  4    Dex: 10    Spells: 7/7 levels left

rFire   . . .      SeeInvis +   d - +0 battleaxe
rCold   . . .      Faith    .   c - +0 buckler
rNeg    . . .      Spirit   .   j - +0 plate armour
rPois   .          Reflect  .   (helmet unavailable)
rElec   .          Harm     .   k - +2 cloak
rCorr   .          Rampage  .   (no gloves)
Will    .....                   (no boots)
Stlth   ..........              (no amulet)
HPRegen 0.20/turn               (no ring)
MPRegen 0.11/turn               (no ring)

@: lethally poisoned (-1 -> -5)
A: permanent stasis, dig shafts and tunnels, antennae 3, four strong arms
a: Dig, Renounce Religion


You were in the Ecumenical Temple.
You worshipped Okawaru.
Okawaru was noncommittal.
You visited 2 branches of the dungeon, and saw 6 of its levels.

You collected 171 gold pieces.

Inventory:

Hand Weapons
 a - a +0 war axe
 d - a +0 battleaxe (weapon)
Armour
 c - a +0 buckler (worn)
 j - a +0 plate armour (worn)
 k - a +2 cloak (worn)
Scrolls
 b - a scroll of identify
 e - 3 scrolls of magic mapping
 f - 7 scrolls of fog
Potions
 g - 3 potions of mutation
 h - a potion of magic
 i - a potion of degeneration
 m - a potion of flight


   Skills:
 + Level 4.3 Fighting
 + Level 5.3 Axes
 * Level 9.0 Armour
 - Level 3.6 Shields


You had 7 spell levels left.
You didn't know any spells.
Your spell library contained the following spells:

 Spells                   Type           Power      Damage    Failure   Level
 Ensorcelled Hibernation  Hex/Ice        0%         N/A       100%        2
 Cause Fear               Hex            0%         N/A       100%        4
 Dragon Form              Tmut           0%         N/A       100%        7
 Tukima's Dance           Hex            Unusable   N/A       N/A         3
 Dragon's Call            Summ           Unusable   N/A       N/A         9

Dungeon Overview and Level Annotations

Branches:
Dungeon (5/15)             Temple (1/1) D:5

Altars:
Ashenzari
Cheibriados
Dithmenos
Elyvilon
Fedhas
Gozag
Hepliaklqana
Kikubaaqudgha
Makhleb
Nemelex Xobeh
Okawaru
Qazlal
Ru
Sif Muna
Trog
Uskayaw
Wu Jian
Xom
Yredelemnul
Zin
The Shining One

Shops:
D:1 (


Innate Abilities, Weirdness & Mutations

You cannot be hasted, slowed, berserked, paralysed or teleported.
You can dig through walls and to a lower floor.
You have a pair of large antennae on your head. (SInv)
Your four strong arms can wield two-handed weapons with a shield.


Message History

You feel sick.
You feel sick.
You feel sick.
The water moccasin bites you but does no damage.
You feel sick.
You are no longer poisoned.
The water moccasin bites you but does no damage.
You block the water moccasin's attack. The water moccasin barely misses you.
There is a stone staircase leading down here.
The water moccasin bites you but does no damage.
There is a staircase to the Ecumenical Temple here.
The water moccasin bites you but does no damage. x2
You climb downwards.
Welcome back to the Ecumenical Temple!
There is a staircase back to the Dungeon here.
The water moccasin bites you but does no damage.
The water moccasin barely misses you.
There is a blossoming altar of Fedhas here.
The water moccasin bites you but does no damage.
You block the water moccasin's attack.
Press: ? - help, v - describe, . - travel
Here: a water moccasin (lightly wounded)
The floor.
The water moccasin bites you.
* * * LOW HITPOINT WARNING * * *
You are poisoned.
The water moccasin poisons you!
Okay, then.
* * * LOW HITPOINT WARNING * * *
You feel very sick.
* * * LOW HITPOINT WARNING * * *
You feel very sick.
The water moccasin completely misses you.
* * * LOW HITPOINT WARNING * * *
You feel sick.
* * * LOW HITPOINT WARNING * * *
You feel sick.
* * * LOW HITPOINT WARNING * * *
You feel sick. The water moccasin bites you.
You die...

.## ##.## ##.##
..###...###...##
<....._....._..#
..###...###...##
.## ##.## ##.##
.# ### #.# ###
.## ##.## ##.##
..##
##...###...##
_..#
#.._..S@._..#
..##
##...###...##
.## ##.## ##.##
.# ### ### #.#
### .## ##.##
##.## ##.##
..###...##
##...###...##
_....._..#
#.._....._..#
..###...##
##...###...##
.## ##.## ##.##
##.##


You could see a water moccasin.

Vanquished Creatures
  Grinder (D:4)
  Sigmund (D:2)
  An orc warrior (D:4)
  Blork the orc (D:4)
  A water moccasin skeleton (D:4)
  A centaur zombie (D:4)
  A hound (D:4)
  3 orc priests
  A jelly (D:4)
  A bullfrog skeleton (D:4)
  2 orc wizards (D:4)
  A hound skeleton (D:4)
  Robin (D:2)
  3 gnolls (D:4)
  2 howler monkey skeletons
  6 adders
  An ufetubus (D:5)
  5 worms
  9 orcs
  8 endoplasms
  6 giant cockroaches
  11 goblins
  13 hobgoblins
  2 jackals (D:1)
  7 kobolds
  2 quokkas
  5 ball pythons
  2 bats
  A frilled lizard (D:3)
  5 rats
104 creatures vanquished.

Vanquished Creatures (others)
  39 plants (D:3)
39 creatures vanquished.

Grand Total: 143 creatures vanquished

Notes
Turn   | Place    | Note
-------+----------+-------------------------------------------
     0 | D:1      | ytrimaz the Formicid Fighter began the quest for the Orb.
     0 | D:1      | Reached XP level 1. HP: 18/18 MP: 1/1
   209 | D:1      | Reached XP level 2. HP: 21/24 MP: 2/2
   278 | D:1      | Reached skill level 4 in Armour
   441 | D:1      | Found Tumira's Antique Weapon Boutique.
   525 | D:1      | Reached XP level 3. HP: 29/29 MP: 3/3
   934 | D:1      | Found a faded altar of an unknown god.
  1160 | D:2      | Noticed Robin
  1166 | D:2      | Killed Robin
  1167 | D:2      | Reached skill level 5 in Armour
  1174 | D:2      | Reached XP level 4. HP: 27/35 MP: 4/4
  1503 | D:2      | Noticed Sigmund
  1517 | D:2      | Killed Sigmund
  1518 | D:2      | Reached skill level 7 in Armour
  1518 | D:2      | Reached XP level 5. HP: 9/41 MP: 5/5
  1518 | D:2      | Reached XP level 6. HP: 10/47 MP: 6/6
  4175 | D:4      | Reached XP level 7. HP: 52/52 MP: 7/7
  4286 | D:4      | Noticed Blork the orc
  4296 | D:4      | Killed Blork the orc
  4297 | D:4      | Reached skill level 8 in Armour
  4549 | D:4      | Reached XP level 8. HP: 27/60 MP: 8/8
  4890 | D:4      | Noticed Grinder
  4909 | D:4      | Killed Grinder
  4910 | D:4      | Reached skill level 5 in Axes
  5039 | D:4      | Reached skill level 9 in Armour
  5123 | D:5      | Entered Level 5 of the Dungeon
  5151 | D:5      | Found a staircase to the Ecumenical Temple.
  5163 | Temple   | Entered the Ecumenical Temple
  5351 | Temple   | Became a worshipper of Warmaster Okawaru
  5453 | Temple   | Slain by a water moccasin

Illustrated notes

Levels and vault maps discovered:
D:1:      heliophobic_arrival_glass_houses, layout_basic,
          shapermc_ecumenical_altar_hornbeckon, serial_shops, shop,
          minmay_misc_feat_columns
D:2:      layout_basic, item_on_display_a, uniq_robin, uniq_sigmund
D:3:      layout_basic, kennysheep_boxes
D:4:      layout_rooms, minivault_27, guppyfry_early_orc_mine, uniq_grinder,
          uniq_blork_the_orc
D:5:      layout_basic, minmay_temple_entry_trees
Temple:   minmay_crystal_snake_temple

Skill      XL: |  1  2  3  4  5  6  7  8 |
---------------+-------------------------+-----
Armour         | 4 5 7 8 9 |  9.0
Axes           | 4 5 |  5.3
Fighting       | 4 |  4.3
Shields        | |  3.6

Action                   |  1- 3 |  4- 6 |  7- 9 || total
-------------------------+-------+-------+-------++-------
Melee: War axe           |    78 |   125 |    78 ||   281
       Battleaxe         |       |       |    42 ||    42
 Abil: Dig               |       |     1 |       ||     1
  Use: Scroll            |     2 |     5 |     3 ||    10
       Potion            |       |     4 |     6 ||    10
Armor: Scale mail        |    44 |    70 |    53 ||   167
       Plate armour      |       |       |    33 ||    33
Dodge: Dodged            |    34 |    66 |    54 ||   154
Block: Buckler           |    18 |    23 |    30 ||    71

Table legend: (Time is in decaauts)
 A = Elapsed time spent in this place.
 B = Non-inter-level travel time spent in this place.
 C = Inter-level travel time spent in this place.
 D = Time resting spent in this place.
 E = Time spent auto-exploring this place.
 F = Levels seen in this place.
 G = Mean time per level.
                   A        B        C        D        E       F      G
               +--------+--------+--------+--------+--------+-----+--------+
         Total |   5588 |   5476 |    112 |    843 |   3312 |   6 |  931.3 |
       Dungeon |   5358 |   5289 |     69 |    843 |   3171 |   5 | 1071.6 |
        Temple |    229 |    186 |     43 |      0 |    141 |   1 |  229.0 |
               +--------+--------+--------+--------+--------+-----+--------+

Top non-repeatable levels by time:
     D:3: 1514 daAuts
     D:2: 1398 daAuts
     D:4: 1274 daAuts
     D:1: 1065 daAuts
  Temple: 229 daAuts
     D:5: 105 daAuts
